 Dungeon Crawl Stone Soup version 0.27.1-4-g1640c2035a (webtiles) character file.

Game seed: 16213554627571272332

2 MajorAdolf the Magician (level 1, 0/19 HPs)
             Began as a Naga Wanderer on Nov 13, 2021.
             Slain by a rat (3 damage)
             ... on level 1 of the Dungeon on Nov 15, 2021.
             The game lasted 00:00:29 (65 turns).

MajorAdolf the Magician (Naga Wanderer)               Turns: 65, Time: 00:00:30

Health: 0/19       AC:  1    Str: 15    XL:     1   Next: 40%
Magic:  4/4        EV:  9    Int: 14    God:
Gold:   0          SH:  0    Dex:  7    Spells: 6/6 levels left

rFire    . . .     SeeInvis +   a - +2 quarterstaff
rCold    . . .     Faith    .   (shield currently unavailable)
rNeg     . . .     Spirit   .   d - +0 robe
rPois    +         Reflect  .   (no helmet)
rElec    .         Harm     .   (no cloak)
rCorr    .         Rampage  .   (no gloves)
Will     .....                  (no barding)
Stlth    +.........             (no amulet)
HPRegen  0.06/turn              (no ring)
MPRegen  0.09/turn              (no ring)

@: short of breath, very slow
A: AC +0, large, see invisible, deformed body, poison resistance, slowness 2,
spit poison 1, naga tail 1
a: Spit Poison


You were on level 1 of the Dungeon.
You visited 1 branch of the dungeon, and saw 1 of its levels.

Inventory:

Hand Weapons
 a - a +2 quarterstaff (weapon)
 b - a +0 short sword
Armour
 d - a +0 robe (worn)
Potions
 c - a potion of curing


   Skills:
 + Level 2.1 Fighting
 - Level 1.0 Staves
 - Level 1.0 Throwing
 + Level 0.9 Stealth
 - Level 1.0 Shields
 - Level 3.0 Spellcasting
 - Level 1.0 Conjurations
 - Level 1.0 Ice Magic


You had 6 spell levels left.
You didn't know any spells.
Your spell library was empty.

Dungeon Overview and Level Annotations

Branches:
Dungeon (1/15)

Altars:


Innate Abilities, Weirdness & Mutations

Your serpentine skin is tough. (AC +0)
You have supernaturally acute eyesight. (SInv)
Armour fits poorly on your strangely shaped body.
Your system is resistant to poisons. (rPois)
You cover ground very slowly.
You can spit poison.
You have a snake-like lower body.


Message History

You barely miss the hobgoblin. The hobgoblin barely misses you.
The hobgoblin closely misses you.
There are monsters nearby!
You hit the hobgoblin.
The hobgoblin is severely wounded.
The hobgoblin hits you.
You barely miss the hobgoblin.
The hobgoblin is severely wounded.
The hobgoblin barely misses you.
A hobgoblin comes into view.
You barely miss the hobgoblin.
The hobgoblin is severely wounded.
The hobgoblin hits you. The hobgoblin closely misses you.
You barely miss the hobgoblin.
The hobgoblin is severely wounded.
The hobgoblin hits you.
You are too injured to fight recklessly!
You are too injured to fight recklessly!
Press: ? - help, Shift-Dir - straight line, f - hobgoblin
Aim: a hobgoblin (severely wounded)
The splash of poison hits the hobgoblin!
The hobgoblin is poisoned.
You kill the hobgoblin!
The bat hits you. The bat barely misses you.
You hit the bat but do no damage. The bat barely misses you.
You closely miss the hobgoblin. The hobgoblin hits you.
* * * LOW HITPOINT WARNING * * *
A rat comes into view.
You have got your breath back.
The hobgoblin closely misses you.
You closely miss the rat. The rat bites you.
* * * LOW HITPOINT WARNING * * *
The hobgoblin hits you but does no damage.
The rat barely misses you.
Press: ? - help, Shift-Dir - straight line, f - hobgoblin
Aim: a hobgoblin The splash of poison hits the hobgoblin.
You kill the hobgoblin!
The bat barely misses you. The rat bites you.
You die...

#
#.######.#.#.
#....b.......
####!##.##..#
#@.# $# #r.#
# #..#
#..#####..
#........#
###'########
#........#
#........#
#........#


You could see a bat and a rat.

Vanquished Creatures
  A bat (D:1)
  2 hobgoblins (D:1)
3 creatures vanquished.

Notes
Turn   | Place    | Note
-------+----------+-------------------------------------------
     0 | D:1      | MajorAdolf the Naga Wanderer began the quest for the Orb.
     0 | D:1      | MajorAdolf set off with the following items: a +2
                  | quarterstaff, a +0 short sword, a potion of curing, a +0
                  | robe
     0 | D:1      | Reached XP level 1. HP: 19/19 MP: 4/4
    65 | D:1      | Slain by a rat

Illustrated notes

Levels and vault maps discovered:
D:1:      matt_arrival_los_fun, layout_basic,
          hellmonk_ecumenical_altar_prayer_group, minmay_split_cup_small

Action                   || total
-------------------------++-------
Melee: Quarterstaff      ||     9
 Abil: Spit Poison       ||     3
Armor: Robe              ||     3
Dodge: Dodged            ||    10
